 Dungeon Crawl Stone Soup version 0.31.0-1-g2c135a0 (webtiles) character file.

Game seed: 14310067003888050573

3599 edsrzf the Basher (level 10, -1/165 HPs)
             Began as an Oni Brigand on Jan 30, 2024.
             Was a Follower of Cheibriados.
             Succumbed to a killer bee's poison
             ... on level 8 of the Dungeon.
             The game lasted 00:24:27 (8544 turns).

edsrzf the Basher (Oni Brigand)                     Turns: 8544, Time: 00:24:28

Health: -1/165     AC: 25    Str: 21    XL:     10   Next: 10%
Magic:  10/10      EV:  1    Int: 16    God:    Cheibriados [*.....]
Gold:   432        SH:  0    Dex: 12    Spells: 9/9 levels left

rFire   . . .        b - +0 dagger (drain)
rCold   . . .        (no shield)
rNeg    + . .        H - melded +1 robe
rPois   +            (helmet currently unavailable)
rElec   .            F - melded +2 cloak {rCorr}
rCorr   .            (gloves unavailable)
SInv    .            (boots unavailable)
Will    +....        (no amulet)
Stlth   ++           c - ring of positive energy
HPRegen 0.47/turn    (no ring)
MPRegen 0.12/turn

%: no passive effects
@: brilliant, lethally poisoned (-1 -> -12), tree-form, invisible, very slow
A: stationary, stasis, torment immunity, boosted hp, large, unfitting armour,
(horns 1), (tough skin 1), double potion healing, drunken brawling
a: Renounce Religion, Bend Time


You were on level 8 of the Dungeon.
You worshipped Cheibriados.
Cheibriados was aware of your devotion.
You were a tree.
You visited 2 branches of the dungeon, and saw 9 of its levels.

You collected 432 gold pieces.

Inventory:

Hand Weapons
 a - a +2 dagger
 b - a +0 dagger of draining (weapon)
 w - a +0 giant spiked club
Missiles
 d - 18 poisoned darts (quivered)
 e - 2 curare-tipped darts
 A - 12 atropa-tipped darts
Armour
 F - a +2 cloak of preservation (melded)
 H - a +1 robe (melded)
Jewellery
 c - a ring of positive energy (left branch)
 y - a ring of resist corrosion
Wands
 C - a wand of charming (9)
 K - a wand of acid (5)
Scrolls
 f - a scroll of immolation {unknown}
 g - a scroll of amnesia {unknown}
 m - a scroll of blinking
 n - a scroll of acquirement {unknown}
 o - a scroll of brand weapon {unknown}
 p - a scroll of vulnerability {unknown}
 s - a scroll of fog
 u - a scroll of enchant armour {unknown}
 v - a scroll of silence {unknown}
 x - a scroll of revelation
 z - a scroll of noise {unknown}
 D - 2 scrolls of identify {@r1}
 E - a scroll of fear {unknown}
 G - a scroll of torment {unknown}
Potions
 i - 2 potions of berserk rage {!q}
 j - 3 potions of cancellation
 k - 3 potions of mutation {!q}
 l - a potion of haste
 t - a potion of attraction
 I - a potion of might {unknown}
 J - a potion of experience {unknown}


   Skills:
 - Level 10.0 Fighting
 - Level 1.7 Short Blades
 + Level 10.7 Maces & Flails
 - Level 6.0 Throwing
 - Level 0.8 Dodging
 - Level 2.9 Stealth


You had 9 spell levels left.
You didn't know any spells.
Your spell library contained the following spells:

 Spells                   Type           Power      Damage    Failure   Level
 Apportation              Tloc           0%         N/A       26%         1
 Foxfire                  Conj/Fire      0%         2x1d4     26%         1
 Necrotise                Necr           0%         1d4       26%         1
 Sting                    Conj/Alch      0%         1d3       26%         1
 Summon Small Mammal      Summ           0%         N/A       26%         1
 Ensorcelled Hibernation  Hex/Ice        0%         N/A       36%         2
 Confusing Touch          Hex            0%         N/A       58%         3
 Inner Flame              Hex/Fire       0%         N/A       58%         3
 Passwall                 Erth           0%         N/A       58%         3
 Summon Ice Beast         Ice/Summ       0%         N/A       58%         3
 Swiftness                Air            0%         N/A       58%         3
 Manifold Assault         Tloc           0%         N/A       94%         4
 Dispersal                Tloc           0%         N/A       100%        6
 Plasma Beam              Fire/Air       0%         2x1d10    100%        6
 Starburst                Conj/Fire      0%         6d3       100%        6
 Disjunction              Tloc           0%         N/A       100%        8


Dungeon Overview and Level Annotations

Branches:
Dungeon (8/15)             Temple (1/1) D:7            Lair (0/5) D:8

Altars:
Ashenzari
Cheibriados
Dithmenos
Fedhas
Gozag
Hepliaklqana
Kikubaaqudgha
Makhleb
Nemelex Xobeh
Okawaru
Qazlal
Ru
Sif Muna
Uskayaw
Vehumet
Wu Jian
Xom
Zin
The Shining One

Shops:
D:7 [

Annotations:
D:6 Menkaure
D:7 1 runed translucent door, Biscolet's ghost, novice DjWr


Innate Abilities, Weirdness & Mutations

You are a tree.
Your roots penetrate the ground, keeping you stationary.
You cannot be teleported.
You are immune to unholy pain and torment.
Your maximum health is greatly increased.
Your equipment is partially melded.
You are too large for most types of armour.
((You have a pair of small horns on your head.))
((You have tough skin. (AC +1)))
You gain doubled healing and magic from potions.
Whenever you drink a healing potion, you attack all around you.


Message History

Okay, then.
As you read the scroll labelled GYEBEH UPER, it crumbles to dust.
It was a scroll of blinking.
The killer bee barely misses you.
The killer bee stings you but does no damage.
As you read the scroll labelled DALIHY RITH, it crumbles to dust.
You feel aware of your surroundings.
You sensed 1 altar.
It was a scroll of revelation.
An orc comes into view. It is wielding a +0 club.
The killer bee barely misses you. The killer bee closely misses you.
Okay, then.
Aiming: Corrosive Bolt
Press: ? - help, Shift-Dir - straight line, f/p - killer bee
Aim: a killer bee (purple smoke, heavily wounded, covered in acid, 43% to hit)
The bolt of acid misses the killer bee.
The bolt of acid hits the killer bee!
The acid corrodes the killer bee!
You kill the killer bee!
Cheibriados thoroughly appreciates the change of pace.
The bolt of acid hits the wight!!
The acid corrodes the wight!
You destroy the wight!
Cheibriados appreciates the change of pace.
The bolt of acid hits the killer bee!
The killer bee seems to be corroded for longer.
You kill the killer bee!
Cheibriados thoroughly appreciates the change of pace.
The bolt of acid hits the orc!
You kill the orc!
Cheibriados appreciates the change of pace.
The killer bee closely misses you. The killer bee stings you.
* * * LOW HITPOINT WARNING * * *
You are poisoned.
The killer bee poisons you!
Aiming: Corrosive Bolt
Press: ? - help, Shift-Dir - straight line, f/p - killer bee
Aim: a killer bee (purple smoke, heavily wounded, covered in acid, 43% to hit)
The bolt of acid misses the killer bee.
The bolt of acid hits the killer bee!
The killer bee is severely wounded.
Cheibriados appreciates the change of pace.
You feel a bit more experienced.
You feel sick.
You hear a howl!
The killer bee barely misses you. The killer bee closely misses you.
Unknown command.
Okay, then.
You sense an unholy aura.
b - a +0 dagger of draining (weapon)
You feel sick. The killer bee barely misses you.
You hit the killer bee. Your headbutt misses the killer bee.
The killer bee is severely wounded.
The killer bee stings you.
* * * LOW HITPOINT WARNING * * *
The killer bee stings you.
* * * LOW HITPOINT WARNING * * *
You miss the killer bee.
The killer bee is severely wounded.
You feel sick. The killer bee barely misses you.
The killer bee stings you but does no damage.
You hit the killer bee.
The killer bee is almost dead.
You feel sick.
The killer bee is no longer covered in acid.
The killer bee barely misses you. The killer bee closely misses you.
You barely miss the killer bee. You headbutt the killer bee.
The killer bee is almost dead.
The killer bee barely misses you. The killer bee stings you.
* * * LOW HITPOINT WARNING * * *
You are more poisoned.
The killer bee poisons you!
You miss the killer bee.
The killer bee is almost dead.
You feel sick.
The killer bee stings you but does no damage.
You closely miss the killer bee.
The killer bee is almost dead.
You feel sick. The killer bee barely misses you. x2
You barely miss the killer bee.
The killer bee is almost dead.
You feel sick. The killer bee stings you.
* * * LOW HITPOINT WARNING * * *
You are more poisoned.
The killer bee poisons you! The killer bee stings you.
* * * LOW HITPOINT WARNING * * *
Okay, then.
Unknown command.
It was a potion of brilliance.
You feel clever all of a sudden.
* * * LOW HITPOINT WARNING * * *
You feel very sick. The killer bee closely misses you.
The killer bee stings you!
* * * LOW HITPOINT WARNING * * *
You are more poisoned.
The killer bee poisons you!
It was a potion of invisibility.
You fade into invisibility!
* * * LOW HITPOINT WARNING * * *
You feel very sick. The killer bee closely misses you.
The killer bee stings you.
* * * LOW HITPOINT WARNING * * *
It was a potion of lignification.
You turn into a tree.
Your +2 cloak of preservation melds into your body.
Your +1 robe melds into your body.
Your roots penetrate the ground.
You die...

,,,,,..............#.,,*
*,,**##.........###....#
,,,* ##.......######.##
,,*** #.....###########
,,,,**##...#.###########
,,.,,*#...§§.###########
,,P...#y.§§§############
,,h...$..§§§############
,,........§§§oyy♣#######
,,y.y#.####oo§z#########
,,..*#,* ###§###########
,,****** ###§§##########
**,,,,* ###§§§#########
,,,,,,* ###.#...#######
,,,,,,* ##.####..######
,,,,,,***##.######..####
***,,,,,,*,,* **,*


You could see 2 killer bees and a wight (unable to see you).

Vanquished Creatures
  Jeremiah (D:7)
  A hornet (D:7)
  Sigmund (D:2)
  Eustachio (D:6)
  2 water moccasins
  An ice beast (D:6)
  A sky beast (D:7)
  A wolf (D:8)
  2 black bears
  3 ogres
  A centaur (D:7)
  A phantom (D:5)
  4 bullfrogs
  2 scorpions
  4 wights (D:8)
  3 killer bees (D:8)
  2 jellies
  Crazy Yiuf (D:6)
  A bombardier beetle (D:6)
  2 orc priests (D:8)
  3 hounds
  A gnoll bouda (D:5)
  6 iguanas
  2 sleepcaps
  Natasha (twice) (D:2)
  4 orc wizards
  The ghost of Wizard1ke the Sneak, a weakling HuDe of Dithmenos (D:3)
  Robin (D:2)
  4 gnolls (D:5)
  8 adders
  A shadow imp (D:6)
  3 white imps
  5 dart slugs
  A ribbon worm (D:3)
  15 orcs
  3 endoplasms
  A giant cockroach (D:4)
  20 goblins
  14 hobgoblins
  4 quokkas
  7 ball pythons
  3 bats
  A frilled lizard (D:2)
  10 kobolds
  4 rats
159 creatures vanquished.

Vanquished Creatures (collateral kills)
  3 wights (D:8)
3 creatures vanquished.

Vanquished Creatures (others)
  A wight (D:8)
  An orc (D:4)
2 creatures vanquished.

Grand Total: 164 creatures vanquished

Notes
Turn   | Place    | Note
-------+----------+-------------------------------------------
     0 | D:1      | edsrzf the Oni Brigand began the quest for the Orb.
     0 | D:1      | Reached XP level 1. HP: 22/22 MP: 1/1
   114 | D:1      | Reached skill level 3 in Fighting
   131 | D:1      | Reached XP level 2. HP: 31/31 MP: 2/2
   532 | D:1      | Reached XP level 3. HP: 39/39 MP: 3/3
   732 | D:2      | Reached skill level 4 in Fighting
   733 | D:2      | Reached skill level 3 in Throwing
   739 | D:2      | Noticed Robin
   761 | D:2      | Killed Robin
   762 | D:2      | Reached XP level 4. HP: 34/49 MP: 4/4
   843 | D:2      | Noticed Natasha
   854 | D:2      | Killed Natasha
  1326 | D:2      | Noticed Sigmund
  1336 | D:2      | Killed Sigmund
  1337 | D:2      | Reached skill level 6 in Fighting
  1337 | D:2      | Reached skill level 4 in Throwing
  1337 | D:2      | Reached XP level 5. HP: 59/59 MP: 5/5
  1337 | D:2      | Reached XP level 6. HP: 67/67 MP: 6/6
  1447 | D:2      | Noticed Natasha
  1459 | D:2      | Killed Natasha
  1956 | D:3      | Found a runed translucent door.
  1967 | D:3      | Noticed Wizard1ke's ghost (weakling HuDe)
  2083 | D:3      | Reached skill level 5 in Throwing
  2628 | D:3      | Killed Wizard1ke's ghost
  2882 | D:4      | Identified 3 scrolls of identify
  2882 | D:4      | Identified a potion of berserk rage
  2883 | D:4      | Identified a potion of cancellation
  2884 | D:4      | Identified 2 potions of mutation
  2909 | D:4      | Reached skill level 7 in Fighting
  2909 | D:4      | Reached XP level 7. HP: 72/78 MP: 7/7
  3108 | D:4      | Identified a potion of haste
  3834 | D:4      | Reached skill level 6 in Throwing
  3912 | D:5      | Entered Level 5 of the Dungeon
  3934 | D:5      | Reached skill level 8 in Fighting
  3986 | D:5      | Reached skill level 1 in Maces & Flails
  4216 | D:5      | Reached skill level 2 in Maces & Flails
  4216 | D:5      | Reached XP level 8. HP: 50/89 MP: 8/8
  4748 | D:5      | Found a sacrificial altar of Ru.
  4868 | D:5      | Found a shimmering altar of Xom.
  4873 | D:5      | Found a shimmering blue altar of Sif Muna.
  4993 | D:5      | Reached skill level 9 in Fighting
  5138 | D:6      | Noticed Eustachio
  5158 | D:6      | Reached skill level 3 in Maces & Flails
  5166 | D:6      | Identified 2 potions of curing
  5182 | D:6      | Killed Eustachio
  5183 | D:6      | Reached skill level 10 in Fighting
  5183 | D:6      | Reached skill level 4 in Maces & Flails
  5509 | D:6      | Reached skill level 5 in Maces & Flails
  5810 | D:6      | Reached XP level 9. HP: 97/101 MP: 9/9
  5851 | D:6      | Noticed Menkaure
  5925 | D:6      | Reached skill level 6 in Maces & Flails
  6064 | D:6      | Found an opulent altar of Gozag.
  6064 | D:6      | Found a shadowy altar of Dithmenos.
  6064 | D:6      | Found a burning altar of Makhleb.
  6234 | D:6      | Identified 2 potions of attraction
  6467 | D:6      | Found a runed translucent door.
  6468 | D:6      | Noticed Crazy Yiuf
  6662 | D:6      | Killed Crazy Yiuf
  6663 | D:6      | Reached skill level 7 in Maces & Flails
  7102 | D:7      | Found a runed translucent door.
  7103 | D:7      | Noticed Biscolet's ghost (novice DjWr)
  7105 | D:7      | Found Raefodof's Antique Armour Shop.
  7161 | D:7      | Found a staircase to the Ecumenical Temple.
  7214 | Temple   | Entered the Ecumenical Temple
  7230 | Temple   | Became a worshipper of Cheibriados the Contemplative
  7249 | D:7      | Noticed a hornet
  7262 | D:7      | Killed a hornet
  7263 | D:7      | Reached skill level 8 in Maces & Flails
  7354 | D:7      | Found a broken altar of Ashenzari.
  7392 | D:7      | Got the Spellbook of Nival Malediction
  7481 | D:7      | Noticed Jeremiah
  7524 | D:7      | Killed Jeremiah
  7525 | D:7      | Reached skill level 9 in Maces & Flails
  8297 | D:8      | Found a stormy altar of Qazlal.
  8302 | D:8      | Found a blossoming altar of Fedhas.
  8485 | D:8      | Reached skill level 10 in Maces & Flails
  8507 | D:8      | Reached XP level 10. HP: 87/109 MP: 10/10
  8521 | D:8      | Reached * piety under Cheibriados
  8529 | D:8      | Identified 2 scrolls of fog
  8530 | D:8      | Identified 2 scrolls of blinking
  8531 | D:8      | Identified 2 scrolls of revelation
  8542 | D:8      | Identified a potion of brilliance
  8542 | D:8      | HP: 5/110 [killer bee (8)]
  8543 | D:8      | Identified a potion of invisibility
  8543 | D:8      | HP: 2/110 [poisoned by a killer bee]
  8544 | D:8      | Identified a potion of lignification
  8544 | D:8      | Succumbed to a killer bee's poison

Illustrated notes

Levels and vault maps discovered:
D:1:      orjb1_lava_funnel, layout_basic
D:2:      kennysheep_the_goblin_king, layout_basic, kennysheep_generic_room_7,
          uniq_robin, uniq_sigmund, uniq_natasha
D:3:      layout_rooms, ebering_ghost_sewer_d
D:4:      layout_loops_ring
D:5:      layout_basic, general_overflow_altar, nicolae_ru_path_of_blood,
          mainiacjoe_overflow_paths
D:6:      layout_loops_ring, gammafunk_temple_overflow_claw,
          kennysheep_windowed_goal, uniq_crazy_yiuf_cottage, uniq_menkaure,
          uniq_eustachio
D:7:      layout_loops_ring, evilmike_ruin_ashenzari, minmay_temple_entry_mist,
          serial_shops, nicolae_shop_tiny_glass, ebering_ghost_reflecting_pool,
          uniq_jeremiah
D:8:      layout_layer_cave, nicolae_yredelemnul_ghost_church,
          grunt_temple_overflow_forces_of_nature, erik_lair_orcish_takeover
Temple:   eino_wide_crystal_templ

Skill      XL: |  1  2  3  4  5  6  7  8  9 |
---------------+----------------------------+-----
Fighting       | 3 4 6 7 8 10 | 10.0
Throwing       | 3 4 5 6 |  6.0
Maces & Flails | 2 5 10 | 10.7
Short Blades   | |  1.7
Dodging        | |  0.8
Stealth        | |  2.9

Action                     |  1- 3 |  4- 6 |  7- 9 | 10-12 || total
---------------------------+-------+-------+-------+-------++-------
  Melee: Dagger            |    79 |   167 |   399 |    13 ||   658
         Headbutt          |    18 |    27 |    93 |     2 ||   140
         Punch             |       |       |     3 |       ||     3
         Giant spiked club |       |       |     6 |     7 ||    13
  Throw: Dart              |     1 |    10 |    40 |       ||    51
         Throwing net      |       |       |     1 |       ||     1
  Evoke: Wand              |       |       |     8 |     4 ||    12
    Use: Scroll            |       |     3 |     1 |     3 ||     7
         Potion            |       |       |     4 |     4 ||     8
   Stab: Sleeping          |     2 |     2 |     6 |       ||    10
 Armour: Robe              |    41 |   106 |   263 |    34 ||   444
  Dodge: Dodged            |    23 |    55 |   158 |    27 ||   263
